 Dungeon Crawl Stone Soup version 0.24.0-1-gfbc8707 (webtiles) character file.

Game seed: 6329435648855929352, levelgen mode: deterministic

95 Minkie the Charmwright (level 4, -3/37 HPs)
             Began as a Draconian Skald on Nov 11, 2019.
             Slain by Crazy Yiuf
             ... wielding a +4 quarterstaff of chaos
              (9 damage)
             ... while paralysed by Crazy Yiuf
             ... on level 2 of the Dungeon.
             The game lasted 00:08:19 (2118 turns).

Minkie the Charmwright (Draconian Skald)            Turns: 2118, Time: 00:08:21

Health: -3/37      AC:  5    Str: 14    XL:     4   Next: 40%
Magic:  5/7        EV:  2    Int: 14    God:
Gold:   215        SH:  0    Dex: 10    Spells: 2/8 levels left

rFire    . . .     SeeInvis .   a - +0 mace
rCold    . . .     Gourm    .   d - +0 buckler (curse)
rNeg     . . .     Faith    .   (armour unavailable)
rPois    .         Spirit   .   (helmet restricted)
rElec    .         Reflect  .   (no cloak)
rCorr    .         Harm     .   (no gloves)
MR       .....                  (no boots)
Stlth    +.........             (no amulet)
HPRegen  0.12/turn              (no ring)
MPRegen  0.10/turn              (no ring)

@: paralysed, shrouded, lightly drained
A: unfitting armour, cold-blooded, AC +5
a: no special abilities


You were on level 2 of the Dungeon.
You were not hungry.

You visited 1 branch of the dungeon, and saw 3 of its levels.

You collected 215 gold pieces.

Inventory:

Hand Weapons
 a - a +0 mace (weapon)
Armour
 d - a cursed +0 buckler (worn)
 e - a +0 large shield
Scrolls
 f - a scroll of fog {unknown}
 h - 2 scrolls of teleportation {unknown}
Potions
 g - a potion of agility {unknown}
 i - 2 potions of resistance {unknown}
 j - 2 potions of curing {unknown}
Comestibles
 b - 3 chunks of flesh
 c - 3 rations


   Skills:
 + Level 2.9(2.7) Fighting
 + Level 2.6(2.4) Maces & Flails
 + Level 2.6(2.3) Dodging
 + Level 1.1(0.9) Shields
 + Level 2.5(2.2) Spellcasting
 - Level 3.0(2.8) Charms
 + Level 0.3(0.1) Necromancy
 + Level 0.3(0.1) Translocations


You had 2 spell levels left.
You knew the following spells:

 Your Spells              Type           Power        Failure   Level  Hunger
a - Infusion              Chrm           #...         11%         1    #......
b - Shroud of Golubria    Chrm/Tloc      #.....       28%         2    ###....
c - Regeneration          Chrm/Necr      #.........   50%         3    ###....

Your spell library contained the following spells:

 Spells                   Type           Power        Failure   Level  Hunger
 Song of Slaying          Chrm           #.......     16%         2    ###....
 Spectral Weapon          Hex/Chrm       #.......     50%         3    ###....


Dungeon Overview and Level Annotations

Branches:
Dungeon (3/15)

Altars:
Sif Muna
Yredelemnul

Annotations:
D:2 Crazy Yiuf


Innate Abilities, Weirdness & Mutations

Your plain brown scales are hard. (AC +5)
You cannot fit into any form of body armour.
You are cold-blooded and may be slowed by cold attacks.


Message History

Crazy Yiuf says, "Orb toodlewoodle Xom!"
Crazy Yiuf hits you with a +4 quarterstaff of chaos.
You hit Crazy Yiuf but do no damage. Crazy Yiuf hits you but does no damage.
You feel drained.
You hit Crazy Yiuf but do no damage.
Your tail-slap misses Crazy Yiuf.
Crazy Yiuf misses you.
You closely miss Crazy Yiuf.
You tail-slap Crazy Yiuf, but do no damage.
Crazy Yiuf hits you with a +4 quarterstaff of chaos!
Crazy Yiuf burns you. Crazy Yiuf hits you but does no damage.
Cast which spell? (? or * to list) Space distorts slightly along a thin shroud covering your body.
You barely miss Crazy Yiuf.
You tail-slap Crazy Yiuf, but do no damage.
Crazy Yiuf cries, "Snurf light verde!"
Crazy Yiuf hits you with a +4 quarterstaff of chaos!
* * * LOW HITPOINT WARNING * * *
You suddenly lose the ability to move!
Crazy Yiuf hits you with a +4 quarterstaff of chaos!
You die...

######## #######
#.....# ##.###########
##...###..P.#.### ###
###
#.....#......#..##...#
#.#
..........PP####@g...#
#.# ...........##
###..)# #.#
........#### ### #.##
........# #..#
.####..## ##.#
.####..# ### ##### #.#
.......# #.# #.#<# #.#
#####..#### #.# #.#.#
#.# #####.....# #.#
#...# #.#


You could see Crazy Yiuf.

Vanquished Creatures
  A gnoll (D:1)
  3 adders (D:2)
  A worm (D:2)
  2 dart slugs
  A leopard gecko (D:1)
  A ball python (D:1)
  4 bats
  3 giant cockroaches
  2 gnoll zombies (D:2)
  7 goblins
  8 hobgoblins
  A quokka (D:2)
  6 frilled lizards
  2 kobolds
  8 rats
50 creatures vanquished.

Vanquished Creatures (others)
  6 toadstools (D:2)
6 creatures vanquished.

Grand Total: 56 creatures vanquished

Notes
Turn   | Place    | Note
-------+----------+-------------------------------------------
     0 | D:1      | Minkie the Draconian Skald began the quest for the Orb.
     0 | D:1      | Reached XP level 1. HP: 17/17 MP: 3/3
   328 | D:1      | Reached XP level 2. HP: 25/25 MP: 5/5
   770 | D:1      | Reached XP level 3. HP: 25/30 MP: 6/6
   774 | D:1      | Learned a level 2 spell: Shroud of Golubria
   778 | D:1      | Learned a level 3 spell: Regeneration
  1033 | D:1      | Reached skill level 3 in Charms
  1365 | D:2      | Found a shimmering blue altar of Sif Muna.
  1477 | D:2      | Reached skill level 1 in Shields
  1480 | D:2      | Reached XP level 4. HP: 34/37 MP: 7/7
  1534 | D:2      | Found a runed translucent door.
  1583 | D:2      | Noticed Crazy Yiuf
  2040 | D:2      | Found a basalt altar of Yredelemnul.
  2118 | D:2      | Paralysed by Crazy Yiuf for 7 turns
  2118 | D:2      | Slain by Crazy Yiuf

Levels and vault maps discovered:
D:1:      onia_arrival_pentagram, layout_basic
D:2:      layout_loops_ring, lemuel_zombie_altar_yredelemnul,
          old_standard_altar, chequers_ecumenical_altar_simple_redux,
          minmay_gold_behind_fungi, uniq_crazy_yiuf_cottage
D:3:      layout_rooms, uniq_ijyb

Skill      XL: |  1  2  3 |
---------------+----------+-----
Charms         | 3 |  3.0
Shields        | 1 |  1.1
Fighting       | |  2.9
Maces & Flails | |  2.6
Dodging        | |  2.6
Spellcasting   | |  2.5
Necromancy     | |  0.3
Translocations | |  0.3

Action                   |  1- 3 |  4- 6 || total
-------------------------+-------+-------++-------
Melee: Mace              |   113 |    58 ||   171
       Tailslap          |     9 |     6 ||    15
 Cast: Shroud of Golubri |       |     1 ||     1
 Stab: Sleeping          |     4 |       ||     4
  Eat: Chunk             |     2 |     2 ||     4
Armor: Skin              |    38 |    19 ||    57
Dodge: Dodged            |    58 |    36 ||    94
Block: Buckler           |     9 |    10 ||    19
